 Dungeon Crawl Stone Soup version 0.29-a0-1027-gcd8c55af63 (webtiles) character file.

Game seed: 1178680011747638087

10295 2tc the Cleaver (level 11, -1/99 HPs)
             Began as a Hill Orc Fighter on Aug 12, 2022.
             Was an Initiate of Yredelemnul.
             Slain by a death yak simulacrum (12 damage)
             ... in an ice cave.
             The game lasted 00:37:41 (10506 turns).

2tc the Cleaver (Hill Orc Fighter)                 Turns: 10506, Time: 00:37:43

Health: -1/99      AC: 13    Str: 24    XL:     11   Next: 59%
Magic:  17/17      EV: 15    Int:  8    God:    Yredelemnul [......]
Gold:   623        SH:  9    Dex: 10    Spells: 10/10 levels left

rFire   . . .      SeeInvis .   o - +0 hand axe
rCold   + . .      Faith    .   c - +0 buckler
rNeg    . . .      Spirit   .   w - +1 scale mail {rF+}
rPois   .          Reflect  .   (no helmet)
rElec   .          Harm     .   N - +0 cloak
rCorr   .          Rampage  .   (no gloves)
Will    .....                   F - +2 pair of boots
Stlth   ..........              f - amulet of regeneration
HPRegen 1.06/turn               n - +4 ring of evasion
MPRegen 0.15/turn               d - ring of ice

@: mighty, studying Armour
A: large bone plates 1
a: Renounce Religion, Recall Undead Harvest


You were in an ice cave.
You worshipped Yredelemnul.
Yredelemnul was aware of your devotion.
You visited 1 branch of the dungeon, and saw 11 of its levels.
You also visited: Sewer, Ossuary and Ice Cave.

You collected 623 gold pieces.

Inventory:

Hand Weapons
 a - a +0 war axe
 o - a +0 hand axe (weapon)
 q - a +4 broad axe of distortion
 y - the +1 sling "Moimack" {vorpal, Contam rC+++ rCorr Dex+2}
   (You found it on level 9 of the Dungeon)

   Any ammunition fired from it inflicts extra damage upon your enemies.
   Dex:       It affects your dexterity (+2).
   rC:        It renders you almost immune to cold.
   Contam:    It causes magical contamination when unequipped.
   rCorr:     It protects you from acid and corrosion.
 H - the +6 sling of Doutitass {venom, rPois rF+ Dex+3}
   (You found it on level 9 of the Dungeon)

   Any ammunition fired from it poisons the flesh of those it strikes.
   Dex:       It affects your dexterity (+3).
   rF:        It protects you from fire.
   rPois:     It protects you from poison.
 O - the +7 mace of Desperation {venom, *Slow rF++ Int+2 Stlth+}
   (You found it on level 11 of the Dungeon)

   It poisons the flesh of those it strikes.
   Int:       It affects your intelligence (+2).
   rF:        It greatly protects you from fire.
   *Slow:     It may slow you when you take damage.
   Stlth:     It makes you more stealthy.
Missiles
 k - 6 throwing nets (quivered)
 p - 13 poisoned darts
Armour
 b - a +1 scale mail
 c - a +0 buckler (worn)
 t - a +0 kite shield
 w - a +1 scale mail of fire resistance (worn)
 F - a +2 pair of boots (worn)
 N - a +0 cloak (worn)
Jewellery
 d - a ring of ice (right hand)
 f - an amulet of regeneration (around neck)
 n - a +4 ring of evasion (left hand)
 u - a ring of poison resistance
 M - a +6 ring of intelligence
Wands
 r - a wand of charming (17)
 s - a wand of mindburst (7)
 C - a wand of polymorph (9)
Scrolls
 j - 4 scrolls of teleportation
 l - 2 scrolls of poison
 m - a scroll of blinking
 B - 3 scrolls of identify
 E - a scroll of magic mapping
 I - a scroll of summoning
 J - a scroll of enchant armour
 L - 2 scrolls of enchant weapon
Potions
 e - 3 potions of brilliance
 g - a potion of lignification
 h - a potion of curing
 i - a potion of mutation
 v - a potion of resistance
 x - a potion of berserk rage
 z - 2 potions of haste
 D - a potion of invisibility
 G - a potion of flight
 K - a potion of ambrosia
 P - a potion of attraction
 Q - a potion of magic


   Skills:
 - Level 10.0 Fighting
 - Level 14.0 Axes
 - Level 8.1 Armour
 + Level 3.6 Dodging
 - Level 8.0 Shields
 - Level 8.3 Invocations


You had 10 spell levels left.
You didn't know any spells.
Your spell library contained the following spells:

 Spells                   Type           Power      Damage    Failure   Level
 Apportation              Tloc           0%         N/A       75%         1
 Magic Dart               Conj           0%         1d3       75%         1
 Necrotise                Necr           0%         1d4       75%         1
 Sting                    Tmut/Pois      0%         1d3       75%         1
 Summon Small Mammal      Summ           0%         N/A       75%         1
 Call Imp                 Summ           0%         N/A       87%         2
 Poisonous Vapours        Pois/Air       0%         N/A       87%         2
 Call Canine Familiar     Summ           0%         N/A       98%         3
 Dazzling Flash           Conj/Hex       0%         N/A       98%         3
 Gell's Gravitas          Tloc           0%         N/A       98%         3
 Inner Flame              Hex/Fire       0%         N/A       98%         3
 Lesser Beckoning         Tloc           0%         N/A       98%         3
 Mephitic Cloud           Conj/Pois/Air  0%         N/A       98%         3
 Summon Guardian Golem    Hex/Summ       0%         N/A       98%         3
 Teleport Other           Tloc           0%         N/A       98%         3
 Cause Fear               Hex            0%         N/A       100%        4
 Iskenderun's Mystic Bla  Conj/Tloc      0%         2d3       100%        4
 Olgreb's Toxic Radiance  Pois           0%         N/A       100%        4
 Starburst                Conj/Fire      0%         6d3       100%        6
 Discord                  Hex            0%         N/A       100%        8


Dungeon Overview and Level Annotations

Branches:
Dungeon (11/15)            Temple (0/1) D:7            Lair (0/5) D:10
    Orc (0/2) D:11          Sewer (visited)         Ossuary (visited)
  IceCv (1/1)

Altars:
Nemelex Xobeh
Okawaru
Qazlal
Sif Muna
Xom
Yredelemnul
The Shining One

Shops:
D:6 [!!   D:9 ?

Annotations:
D:2 1 runed translucent door, Crazy Yiuf
D:3 2 transporters, 27heaven's ghost, amateur HOFi
D:9 2 transporters


Innate Abilities, Weirdness & Mutations

You are partially covered in large bone plates. (SH +4)


Message History

You hit the polar bear simulacrum. You slash the polar bear simulacrum!
The polar bear simulacrum bites you!
* * * LOW HITPOINT WARNING * * *
The polar bear simulacrum freezes you! You resist.
* * * LOW HITPOINT WARNING * * *
You block the polar bear simulacrum's attack.
The polar bear simulacrum claws you but does no damage.
You block the polar bear simulacrum's attack.
The polar bear simulacrum barely misses you. x2
You feel very mighty all of a sudden. The death yak simulacrum misses you.
You barely miss the polar bear simulacrum.
The polar bear simulacrum is severely damaged.
You completely miss the polar bear simulacrum.
You hit the death yak simulacrum but do no damage.
You block the polar bear simulacrum's attack.
The polar bear simulacrum claws you but does no damage.
The polar bear simulacrum barely misses you.
You block the polar bear simulacrum's attack.
The polar bear simulacrum barely misses you.
The polar bear simulacrum misses you.
The death yak simulacrum gores you but does no damage.
You slash the death yak simulacrum!
The death yak simulacrum is severely damaged.
You barely miss the polar bear simulacrum.
You hit the polar bear simulacrum.
You block the polar bear simulacrum's attack.
The polar bear simulacrum claws you but does no damage. x2
The polar bear simulacrum bites you but does no damage.
The polar bear simulacrum closely misses you.
The polar bear simulacrum barely misses you.
You slash the death yak simulacrum!
The death yak simulacrum is almost destroyed.
You hit the polar bear simulacrum. x2
The polar bear simulacrum vaporises!
The death yak simulacrum gores you!
* * * LOW HITPOINT WARNING * * *
The death yak simulacrum freezes you! You resist.
You die...
Your body rises from the dead as a mindless zombie.

**,,*****,,********
##.,**~**,,***,,,,
##..,,~~***,,,,,,,,
##...*,~~~**,,,,,,,,
#...#**~~~**,,,,,,,,
*...##~~~~~,,,,,,,,,
*#...#*~~~*,*,,,,,,,
##Z○Z##*~~~****,,,**
##..@..##*******,,**
#...∩...# **,,****
#.......# *,,,*,,**
##..∩..## ***,,,,,*
##...## *****,,
##### ***


You could see a death yak simulacrum and a polar bear simulacrum.

Vanquished Creatures
  Joseph (D:7)
  Maggie (D:8)
  Psyche (D:8)
  Prince Ribbit (D:7)
  11 yaks
  A shadow (D:11)
  3 wraiths
  A wyvern (D:8)
  2 steam dragons (D:9)
  3 water moccasins
  Pargi (Sewer)
  An orc warrior (D:10)
  An ice beast (D:7)
  2 sky beasts
  4 black bears
  2 ogres (D:5)
  4 centaurs
  A phantom (D:6)
  A kobold brigand (D:6)
  A wyvern zombie (D:6)
  2 bullfrogs
  A gnoll sergeant (D:7)
  4 necrophages
  A water moccasin zombie (D:6)
  2 scorpions
  9 wights
  A water moccasin skeleton (D:6)
  7 killer bees
  3 crimson imps (D:9)
  2 centaur zombies
  6 hounds
  A bullfrog zombie (D:6)
  A jelly (D:6)
  2 bullfrog skeletons (D:6)
  3 orc priests
  3 gnoll boudas
  An iron imp (D:8)
  4 iguanas
  8 orc wizards
  A polar bear simulacrum (IceCv)
  A wolf simulacrum (IceCv)
  8 adders
  18 gnolls
  2 white imps (D:7)
  An ufetubus (D:5)
  A worm (D:2)
  3 dart slugs
  41 orcs
  10 bats
  5 endoplasms
  4 giant cockroaches
  8 goblins
  2 hobgoblins
  11 jackals
  9 kobolds
  4 quokkas
  4 ball pythons
  A frilled lizard (D:3)
  2 goblin skeletons (D:8)
  4 goblin zombies (D:8)
  A hobgoblin skeleton (Ossuary)
  4 hobgoblin zombies
  3 kobold skeletons (D:8)
  2 kobold zombies
  2 orc skeletons (Ossuary)
  3 orc zombies
  2 rats
261 creatures vanquished.

Vanquished Creatures (collateral kills)
  3 yaks
  A shadow (D:6)
  A wyvern (D:10)
  3 orc warriors
  2 black bears
  A centaur (D:10)
  A necrophage (D:7)
  A gnoll sergeant (D:7)
  A bullfrog (D:9)
  2 scorpions
  A wight (D:9)
  A killer bee (D:9)
  A crimson imp (D:9)
  A bullfrog zombie (D:6)
  2 orc priests
  2 hounds (D:7)
  An orc wizard (D:6)
  3 gnolls
  An adder (D:6)
  A river rat (D:4)
  A worm (D:3)
  A dart slug (D:5)
  7 orcs
  2 endoplasms
  2 giant cockroaches
  2 hobgoblins
  A jackal (D:3)
  A kobold (D:3)
  A ball python (D:4)
  A frilled lizard (D:3)
  An orc zombie (D:8)
  A rat (D:3)
51 creatures vanquished.

Vanquished Creatures (others)
  A yak zombie (D:10)
  A bullfrog zombie (D:8)
  A black bear zombie (D:10)
  A centaur zombie (D:9)
  A scorpion zombie (D:10)
  3 killer bee zombies
  A hound zombie (D:5)
  3 spectral crimson imps (D:9)
  3 adder zombies
  A spectral iron imp (D:8)
  2 gnoll zombies
  A hobgoblin zombie (D:4)
  2 jackal zombies (D:7)
  11 orc zombies
  15 fungi (D:10)
  11 plants (D:10)
  A withered plant (D:6)
59 creatures vanquished.

Grand Total: 371 creatures vanquished

Notes
Turn   | Place    | Note
-------+----------+-------------------------------------------
     0 | D:1      | 2tc the Hill Orc Fighter began the quest for the Orb.
     0 | D:1      | Reached XP level 1. HP: 19/19 MP: 1/1
    45 | D:1      | Reached skill level 3 in Axes
   187 | D:1      | Reached XP level 2. HP: 26/26 MP: 2/2
   312 | D:1      | Reached skill level 4 in Axes
   993 | D:1      | Reached XP level 3. HP: 31/31 MP: 3/3
  1161 | D:2      | Reached skill level 5 in Axes
  1455 | D:2      | Reached XP level 4. HP: 17/39 MP: 4/4
  1532 | D:2      | Found a runed translucent door.
  1533 | D:2      | Noticed Crazy Yiuf
  1701 | D:2      | Found a faded altar of an unknown god.
  1882 | D:2      | Reached skill level 6 in Axes
  2378 | D:3      | Found a basalt altar of Yredelemnul.
  2435 | D:3      | Became a worshipper of Yredelemnul the Dark
  2471 | D:3      | Reached * piety under Yredelemnul
  2472 | D:3      | Reached XP level 5. HP: 27/45 MP: 5/5
  2510 | D:3      | Found a stormy altar of Qazlal.
  2565 | D:3      | Found a transporter.
  2569 | D:3      | Noticed 27heaven's ghost (amateur HOFi)
  2601 | D:3      | Reached skill level 7 in Axes
  2616 | D:3      | Found a transporter.
  2829 | D:3      | Reached ** piety under Yredelemnul
  3061 | D:4      | Reached skill level 8 in Axes
  3061 | D:4      | Reached XP level 6. HP: 49/51 MP: 6/6
  3125 | D:4      | HP: 2/50 [necrophage (5)]
  3129 | D:4      | Reached skill level 9 in Axes
  3292 | D:4      | Found a glowing drain.
  3313 | Sewer    | Entered a sewer
  3337 | Sewer    | Noticed Pargi
  3350 | Sewer    | Killed Pargi
  3351 | Sewer    | Reached skill level 10 in Axes
  3351 | Sewer    | Reached XP level 7. HP: 57/57 MP: 7/7
  3614 | D:4      | Found a shimmering blue altar of Sif Muna.
  3654 | D:5      | Entered Level 5 of the Dungeon
  3716 | D:5      | Found a sparkling altar of Nemelex Xobeh.
  4113 | D:5      | Reached skill level 11 in Axes
  4130 | D:5      | Identified a scroll of acquirement
  4130 | D:5      | Acquired a +3 broad axe of distortion
  4270 | D:5      | Reached XP level 8. HP: 58/64 MP: 8/8
  4301 | D:5      | Reached skill level 12 in Axes
  4898 | D:6      | Found Loolan's Distillery.
  4948 | D:6      | Reached skill level 13 in Axes
  4995 | D:6      | Found Plog's Distillery.
  5036 | D:6      | Noticed a shadow
  5051 | D:6      | Gained mutation: You are partially covered in large bone
                  | plates. (SH +4) [potion of mutation]
  5059 | D:6      | Killed a shadow
  5124 | D:6      | Reached skill level 14 in Axes
  5139 | D:6      | Reached XP level 9. HP: 61/70 MP: 9/9
  5239 | D:6      | Reached skill level 5 in Armour
  5730 | D:6      | Found Zacech Tysin's Antique Armour Shop.
  5808 | D:6      | Reached *** piety under Yredelemnul
  6301 | D:7      | Reached skill level 5 in Invocations
  6316 | D:7      | Acquired a manual of Armour
  6360 | D:7      | Found a staircase to the Ecumenical Temple.
  6492 | D:7      | Reached XP level 10. HP: 57/77 MP: 13/15
  6539 | D:7      | Noticed Joseph
  6561 | D:7      | Killed Joseph
  6717 | D:7      | Noticed Prince Ribbit
  6736 | D:7      | Killed Prince Ribbit
  6745 | D:7      | Reached **** piety under Yredelemnul
  6912 | D:7      | Reached ***** piety under Yredelemnul
  7143 | D:8      | Reached skill level 5 in Shields
  7290 | D:8      | Found a sand-covered staircase.
  7295 | Ossuary  | Entered an ossuary
  7681 | D:8      | Found a glowing golden altar of the Shining One.
  7939 | D:8      | Found an iron altar of Okawaru.
  7952 | D:8      | Noticed Psyche
  7963 | D:8      | Killed Psyche
  7964 | D:8      | Reached skill level 5 in Fighting
  8128 | D:8      | Noticed Maggie
  8148 | D:8      | Killed Maggie
  8181 | D:8      | Reached XP level 11. HP: 45/91 MP: 17/17
  8850 | D:9      | Identified the +1 sling "Moimack" {vorpal, Contam rC+++
                  | rCorr Dex+2}
  8857 | D:9      | Found a transporter.
  8878 | D:9      | Found a shimmering altar of Xom.
  8881 | D:9      | Found a transporter.
  8915 | D:9      | Found Plog's Magic Scroll Shoppe.
  8931 | D:9      | Identified the +6 sling of Doutitass {venom, rPois rF+
                  | Dex+3}
  9441 | D:10     | Entered Level 10 of the Dungeon
  9710 | D:10     | Reached skill level 10 in Fighting
  9720 | D:10     | Reached skill level 1 in Dodging
  9937 | D:10     | Found a staircase to the Lair.
 10283 | D:11     | Identified the +7 mace of Desperation {venom, *Slow rF++
                  | Int+2 Stlth+}
 10479 | D:11     | Found a frozen archway.
 10491 | IceCv    | Entered an ice cave
 10506 | IceCv    | Slain by a death yak simulacrum

Illustrated notes

Levels and vault maps discovered:
D:1:      evilmike_arrival_crescent, layout_loops_cross,
          minmay_misc_feat_encased
D:2:      layout_loops_corners, nicolae_ecumenical_lake_church,
          hangedman_glass_teeth, minmay_heptomino_h4, uniq_crazy_yiuf_cottage
D:3:      layout_basic, nicolae_overflow_crystal_walls, grunt_qazlal_sundering,
          gammafunk_ghost_mausoleum
D:4:      layout_cave_pools, led_sif_book, portal_sewer_entry_a
D:5:      layout_basic, overflow_temple_1_default, serial_curves,
          eino_curves_02, eino_curves_04, hangedman_abyss_or_decor_stagger,
          nicolae_hexahallways, nicolae_elevator_lobby_plus
D:6:      layout_basic, serial_shops, kennysheep_mini_moat,
          nicolae_stop_n_shop_1, nicolae_diamond_shop, serial_undead,
          serial_undead_d, serial_undead_f, serial_undead_e, serial_undead_c,
          serial_undead_e, minmay_quadrilaterals
D:7:      hellmonk_crumbling_castle, layout_cave_pools,
          minmay_temple_entry_crystal_x, serial_gnoll_camp, gnoll_camp_mini_hut,
          gnoll_camp_mini_hut, gnoll_camp_mini_doghouse,
          gnoll_camp_mini_doghouse, gnoll_camp_mini_house, gnoll_camp_mini_hut,
          uniq_joseph, uniq_prince_ribbit1
D:8:      layout_loops_corners, kennysheep_mini, nicolae_tso_besieged_by_evil,
          enter_ossuary_2, uniq_psyche, uniq_maggie
D:9:      gammafunk_steamed_eel, layout_irregular_city, led_xom_imps,
          serial_shops, nicolae_shop_window_shopping
D:10:     layout_roguey, grunt_lair_entry_orc_guard_hut
D:11:     layout_loops_cross, hiddenorc1_lemuel,
          portal_ice_cave_entry_pillars_1, minmay_fractal_squares_gapless_7
IceCv:    ice_cave_small_necro

Skill      XL: |  1  2  3  4  5  6  7  8  9 10 11 |
---------------+----------------------------------+-----
Axes           | 3 4 5 6 8 10 11 14 | 14.0
Armour         | 4 8 |  8.1
Invocations    | 6 8 |  8.3
Shields        | 8 |  8.0
Fighting       | 6 10 | 10.0
Dodging        | 3 |  3.6

Action                   |  1- 3 |  4- 6 |  7- 9 | 10-12 || total
-------------------------+-------+-------+-------+-------++-------
Melee: War axe           |    98 |   161 |    25 |       ||   284
       Hand axe          |       |       |   389 |   744 ||  1133
       Punch             |       |       |     8 |     2 ||    10
Invok: Dark Bargain      |       |       |       |     2 ||     2
Evoke: Wand              |       |       |       |     5 ||     5
  Use: Scroll            |     4 |     4 |     3 |    14 ||    25
       Potion            |     3 |     6 |     2 |     6 ||    17
 Stab: Distracted        |       |       |       |     4 ||     4
Armor: Scale mail        |    53 |    93 |   108 |   122 ||   376
Dodge: Dodged            |    48 |   121 |   201 |   257 ||   627
Block: Other             |       |       |    35 |    32 ||    67
       Buckler           |       |       |       |   157 ||   157

Table legend: (Time is in decaauts)
 A = Elapsed time spent in this place.
 B = Non-inter-level travel time spent in this place.
 C = Inter-level travel time spent in this place.
 D = Time resting spent in this place.
 E = Time spent auto-exploring this place.
 F = Levels seen in this place.
 G = Mean time per level.
                   A        B        C        D        E       F      G
               +--------+--------+--------+--------+--------+-----+--------+
         Total |  10157 |   9792 |    365 |    367 |   7170 |  14 |  725.5 |
       Dungeon |   9762 |   9397 |    365 |    367 |   6986 |  11 |  887.5 |
         Sewer |     86 |     86 |      0 |      0 |     29 |   1 |   86.0 |
       Ossuary |    297 |    297 |      0 |      0 |    155 |   1 |  297.0 |
      Ice Cave |     10 |     10 |      0 |      0 |      0 |   1 |   10.0 |
               +--------+--------+--------+--------+--------+-----+--------+

Top non-repeatable levels by time:
     D:2: 1223 daAuts
     D:5: 1212 daAuts
     D:6: 1201 daAuts
     D:1: 1156 daAuts
     D:8: 1111 daAuts
     D:7: 869 daAuts
    D:10: 807 daAuts
     D:9: 737 daAuts
     D:3: 637 daAuts
     D:4: 615 daAuts
 Ossuary: 297 daAuts
    D:11: 191 daAuts
   Sewer: 86 daAuts
   IceCv: 10 daAuts
